 Dungeon Crawl Stone Soup version 0.31-a0-424-g41b3b0883d (webtiles) character file.

Game seed: 12154647076886284549

2575 Bnni the Skirmisher (level 9, -2/57 HPs)
             Began as a Tengu Hunter on July 30, 2023.
             Was an Initiate of Okawaru.
             Slain by Amaemon
             ... wielding a +1 demon whip of venom
              (7 damage)
             ... on level 7 of the Dungeon.
             The game lasted 00:10:19 (6592 turns).

Bnni the Skirmisher (Tengu Hunter)                  Turns: 6592, Time: 00:10:20

Health: -2/57      AC:  4    Str: 11    XL:     9   Next: 57%
Magic:  11/11      EV: 15    Int: 11    God:    Okawaru [......]
Gold:   469        SH:  0    Dex: 27    Spells: 8/8 levels left

rFire   . . .        a - +0 shortbow
rCold   . . .        (shield currently unavailable)
rNeg    . . .        c - +0 leather armour
rPois   .            (helmet restricted)
rElec   .            (no cloak)
rCorr   .            z - +0 pair of gloves
SInv    .            (boots unavailable)
Will    +....        A - amulet of the acrobat
Stlth   ++           k - +6 ring of dexterity
HPRegen 0.29/turn    I - ring of willpower
MPRegen 0.12/turn

%: acrobat
@: lethally poisoned (-2 -> -16), flying quickly and evasively, quick
A: beak, talons 3, nimble flight
a: Renounce Religion


You were on level 7 of the Dungeon.
You worshipped Okawaru.
Okawaru was noncommittal.
You visited 2 branches of the dungeon, and saw 9 of its levels.
You also visited: Ossuary.

You collected 469 gold pieces.

Inventory:

Hand Weapons
 a - a +0 shortbow (weapon)
 o - a +3 short sword
Missiles
 g - 7 poisoned darts
 v - a curare-tipped dart
Armour
 c - a +0 leather armour (worn)
 z - a +0 pair of gloves (worn)
Jewellery
 k - a +6 ring of dexterity (left hand)
 A - an amulet of the acrobat (around neck)
 I - a ring of willpower (right hand)
Wands
 C - a wand of polymorph (6)
 J - a wand of flame (12)
Scrolls
 b - a scroll of butterflies
 d - 2 scrolls of immolation
 e - 3 scrolls of enchant weapon {unknown}
 f - 3 scrolls of fear {unknown}
 h - 4 scrolls of teleportation {unknown}
 j - a scroll of amnesia {unknown}
 r - 3 scrolls of poison {unknown}
 y - a scroll of summoning {unknown}
 B - 2 scrolls of fog
 F - a scroll of revelation {unknown}
 G - a scroll of vulnerability {unknown}
 H - 3 scrolls of torment
Potions
 i - 7 potions of mutation
 l - 2 potions of invisibility
 m - 4 potions of cancellation
 n - 2 potions of attraction {unknown}
 p - 2 potions of might
 q - 3 potions of berserk rage {unknown}
 s - 2 potions of curing
 t - 4 potions of heal wounds
 u - 2 potions of lignification {unknown}
 w - 3 potions of brilliance {unknown}
 x - 2 potions of ambrosia {unknown}
 D - 3 potions of enlightenment {unknown}
 E - 3 potions of magic {unknown}


   Skills:
 + Level 7.4 Fighting
 * Level 11.8 Ranged Weapons
 - Level 2.1 Dodging
 - Level 1.0 Stealth
 * Level 2.5 Invocations


You had 8 spell levels left.
You didn't know any spells.
Your spell library contained the following spells:

 Spells                   Type           Power      Damage    Failure   Level
 Cigotuvi's Dreadful Rot  Necr/Pois/Air  0%         N/A       56%         2
 Ignite Poison            Fire/Tmut/Pois 0%         N/A       80%         3
 Freezing Cloud           Conj/Ice/Air   0%         6-21      100%        5


Dungeon Overview and Level Annotations

Branches:
Dungeon (8/15)             Temple (1/1) D:6         Ossuary (visited)
   Lair: D:8-11

Altars:
Ashenzari
Cheibriados
Dithmenos
Elyvilon
Fedhas
Gozag
Hepliaklqana
Kikubaaqudgha
Makhleb
Nemelex Xobeh
Okawaru
Qazlal
Ru
Sif Muna
Trog
Uskayaw
Vehumet
Wu Jian
Xom
Yredelemnul
Zin
The Shining One

Annotations:
D:7 Amaemon


Innate Abilities, Weirdness & Mutations

You have a beak for a mouth.
You have claws for feet.
Your magical nature lets you fly swiftly and evasively.


Message History

Amaemon misses you. Amaemon claws you. Amaemon tail-slaps you.
The scorpion closely misses you.
You shoot an arrow. The arrow hits Amaemon!
Amaemon is almost dead.
The scorpion closely misses you.
You shoot an arrow. The arrow hits Amaemon!
Amaemon is almost dead.
Amaemon hits you with a +1 demon whip of venom.
You are poisoned.
Amaemon claws you but does no damage. Amaemon completely misses you.
The scorpion stings you.
You are more poisoned.
The scorpion poisons you!
You shoot an arrow.
The arrow hits Amaemon but does no damage.
Amaemon is almost dead.
You feel very sick. The scorpion stings you.
You are lethally poisoned!
The scorpion poisons you! Amaemon closely misses you. Amaemon misses you.
Amaemon tail-slaps you!
Unknown command.
Fire: a) +0 shortbow
Press: ? - help, Shift-Dir - straight line, f/p - Amaemon
Aim: Amaemon, wielding a +1 demon whip of venom (almost dead, poisoned, slow, 67% to hit)
You shoot an arrow. The arrow hits Amaemon.
Amaemon is almost dead.
* * * LOW HITPOINT WARNING * * *
You feel extremely sick.
Amaemon is no longer moving slowly.
Amaemon looks more healthy.
The scorpion stings you.
* * * LOW HITPOINT WARNING * * *
You are more poisoned.
The scorpion poisons you!
You feel better. The scorpion misses you.
Amaemon hits you with a +1 demon whip of venom!
* * * LOW HITPOINT WARNING * * *
You are lethally poisoned!
Amaemon claws you!
You die...

#.....######.#.#
####.........#.#
#.##.#######.#.##
#.....(.....>..(##
#.##.....####....#
#.#...(..))))..#.#
#.#....))####.##.##
##.#s6....# #..#..##
#...@.....#####'##..#
##.###....#.........#
#...'.<..#.......#..
#####....#.......##.
#...##.......##.
######.......##.
#.......### #.......#
#.......#


You could see Amaemon and a scorpion (summoned).

Vanquished Creatures
  Pikel (D:5)
  A hornet (D:7)
  A water moccasin (D:7)
  2 black bears (D:4)
  2 ogres
  A centaur (D:6)
  A phantom (D:5)
  2 lemures (D:5)
  A kobold brigand (D:7)
  A scorpion (D:7)
  4 wights (D:6)
  4 jellies
  3 human zombies (Ossuary)
  2 centaur zombies (Ossuary)
  2 hounds
  4 orc priests
  A sleepcap (D:7)
  Jessica (D:3)
  An iguana (D:6)
  Natasha (thrice) (D:3)
  3 orc wizards
  6 mummies
  6 gnolls
  4 adders
  An ufetubus (D:5)
  3 worms
  A dart slug (D:5)
  9 orcs
  8 endoplasms
  A giant cockroach (D:4)
  A gnoll zombie (Ossuary)
  7 goblins
  11 hobgoblins
  7 quokkas
  5 ball pythons
  3 bats
  2 frilled lizards
  A hobgoblin zombie (Ossuary)
  11 kobolds
  A kobold zombie (Ossuary)
  6 rats
135 creatures vanquished.

Notes
Turn   | Place    | Note
-------+----------+-------------------------------------------
     0 | D:1      | Bnni the Tengu Hunter began the quest for the Orb.
     0 | D:1      | Reached XP level 1. HP: 12/12 MP: 2/2
   265 | D:1      | Reached XP level 2. HP: 17/17 MP: 3/3
   641 | D:1      | Reached skill level 5 in Ranged Weapons
   719 | D:1      | Reached XP level 3. HP: 22/22 MP: 4/4
   940 | D:2      | Reached XP level 4. HP: 27/27 MP: 5/5
  1886 | D:3      | Noticed Jessica
  1888 | D:3      | Killed Jessica
  1889 | D:3      | Reached skill level 6 in Ranged Weapons
  1889 | D:3      | Gained mutation: Your magical nature lets you fly swiftly
                  | and evasively. [Tengu growth]
  1889 | D:3      | Reached XP level 5. HP: 32/32 MP: 6/6
  1966 | D:3      | Noticed Natasha
  1968 | D:3      | Killed Natasha
  2038 | D:3      | Noticed Natasha
  2049 | D:3      | Killed Natasha
  2111 | D:3      | Noticed Natasha
  2114 | D:3      | Killed Natasha
  2222 | D:3      | Found a glowing silver altar of Zin.
  2222 | D:3      | Noticed an angel
  2395 | D:4      | Noticed a black bear
  2418 | D:3      | Reached XP level 6. HP: 15/38 MP: 7/7
  2609 | D:4      | Killed a black bear
  2610 | D:4      | Reached skill level 7 in Ranged Weapons
  2814 | D:4      | Noticed a black bear
  2821 | D:4      | Killed a black bear
  2822 | D:4      | Reached XP level 7. HP: 44/44 MP: 8/8
  3166 | D:5      | Entered Level 5 of the Dungeon
  3208 | D:5      | Noticed Pikel
  3236 | D:5      | Killed Pikel
  3237 | D:5      | Reached skill level 5 in Fighting
  3237 | D:5      | Reached skill level 9 in Ranged Weapons
  3237 | D:5      | Reached XP level 8. HP: 30/50 MP: 9/9
  3923 | D:5      | Reached skill level 10 in Ranged Weapons
  4015 | D:6      | Found a blossoming altar of Fedhas.
  4232 | D:6      | Found a sand-covered staircase.
  4242 | Ossuary  | Entered an ossuary
  4618 | D:6      | Reached XP level 9. HP: 56/56 MP: 10/10
  4660 | D:6      | Reached skill level 11 in Ranged Weapons
  4860 | D:6      | Found a staircase to the Ecumenical Temple.
  4874 | Temple   | Entered the Ecumenical Temple
  4885 | Temple   | Became a worshipper of Warmaster Okawaru
  5356 | D:7      | Noticed a hornet
  5366 | D:7      | Killed a hornet
  5367 | D:7      | Reached skill level 1 in Invocations
  5821 | D:7      | Reached * piety under Okawaru
  6070 | D:7      | Found a hazy altar of Hepliaklqana.
  6071 | D:7      | Found a shimmering blue altar of Sif Muna.
  6384 | D:8      | Noticed Amaemon
  6384 | D:8      | Noticed an orange demon
  6592 | D:7      | Slain by Amaemon

Illustrated notes

Levels and vault maps discovered:
D:1:      minmay_arrival_nine_rooms, layout_basic
D:2:      minmay_evil_eye, layout_loops_ring, roderic_nine_men_s_morris
D:3:      layout_rooms, zin_angel, uniq_natasha, uniq_jessica
D:4:      layout_cave_pools
D:5:      layout_basic, nicolae_nh_ransacked_shop, uniq_pikel
D:6:      layout_loops_ring, lemuel_round_altar,
          minmay_temple_entry_proselytizer, gup_ossuary_entry_pyramid,
          chequers_hall_statues_y
D:7:      layout_basic, nicolae_overflow_two_pavilions, hellmonk_no_cap
D:8:      layout_basic, uniq_amaemon
Temple:   nicolae_temple_two_arcs

Skill      XL: |  1  2  3  4  5  6  7  8  9 |
---------------+----------------------------+-----
Ranged Weapons | 5 6 7 9 10 11 | 11.8
Fighting       | 3 4 5 6 7 |  7.4
Invocations    | 2 |  2.5
Dodging        | |  2.1
Stealth        | |  1.0

Action                     |  1- 3 |  4- 6 |  7- 9 || total
---------------------------+-------+-------+-------++-------
   Fire: Shortbow          |    78 |   131 |   356 ||   565
  Throw: Dart              |       |     6 |     7 ||    13
    Use: Scroll            |       |     6 |     2 ||     8
         Potion            |       |       |     1 ||     1
 Armour: Leather armour    |     7 |    12 |    24 ||    43
  Dodge: Dodged            |    15 |    42 |   124 ||   181

Table legend: (Time is in decaauts)
 A = Elapsed time spent in this place.
 B = Non-inter-level travel time spent in this place.
 C = Inter-level travel time spent in this place.
 D = Time resting spent in this place.
 E = Time spent auto-exploring this place.
 F = Levels seen in this place.
 G = Mean time per level.
                   A        B        C        D        E       F      G
               +--------+--------+--------+--------+--------+-----+--------+
         Total |   6305 |   6032 |    273 |    689 |   4239 |  10 |  630.5 |
       Dungeon |   6036 |   5771 |    265 |    652 |   4209 |   8 |  754.5 |
        Temple |     19 |     11 |      8 |      0 |      0 |   1 |   19.0 |
       Ossuary |    249 |    249 |      0 |     37 |     30 |   1 |  249.0 |
               +--------+--------+--------+--------+--------+-----+--------+

Top non-repeatable levels by time:
     D:6: 1102 daAuts
     D:7: 1030 daAuts
     D:2: 1016 daAuts
     D:1: 802 daAuts
     D:5: 755 daAuts
     D:4: 685 daAuts
     D:3: 625 daAuts
 Ossuary: 249 daAuts
  Temple: 19 daAuts
     D:8: 18 daAuts
